 Dungeon Crawl Stone Soup version 0.31-a0-233-g139696dc86 (webtiles) character file.

Game seed: 8060413551741482858

1780824 Shard1697 the Armataur Cataclysm (level 25, 224/224 HPs)
             Began as an Armataur Fighter on July 7, 2023.
             Was a High Priest of Qazlal.
             Escaped with the Orb
             ... and 3 runes on July 8, 2023!
             The game lasted 02:00:47 (58249 turns).

Shard1697 the Armataur Cataclysm (AtFi)            Turns: 58249, Time: 02:00:47

Health: 224/224    AC: 52    Str: 30    XL:     25   Next: 17%
Magic:  37/37      EV:  6    Int: 10    God:    Qazlal [*****.]
Gold:   5648       SH: 25    Dex: 12    Spells: 12/24 levels left

rFire   + . .        c - +7 sceptre of Torment {pain, torment}
rCold   + + +        T - +5 kite shield {AC+3}
rNeg    + . .        C - +9 scales of the Dragon King {rPois rF+ rC+ Will+}
rPois   +            (helmet restricted)
rElec   +            p - +4 cloak "Arahe" {rC++ Stlth+}
rCorr   +            h - +2 pair of gloves
SInv    .            x - +4 barding {Fly}
Will    +++..        f - amulet of faith Stlth
                     W - ring "Datofi" {rC+ rN+ rCorr Slay+2}
HPRegen 0.57/turn    M - ring of Egalitarianism {rElec rPois Will+ Slay+4}
MPRegen 0.25/turn

%: repel missiles, roll, faith
@: flying, studying Ice Magic
A: large, rugged brown scales 3, deformed body, armoured tail, roll, long
tongue, awkward tongue, beak, stinger 1, cold resistance 1, frail 1, poison
resistance, wild magic 1
0: Orb of Zot
}: 3/15 runes: decaying, serpentine, slimy
a: Renounce Religion, Upheaval, Elemental Force, Disaster Area


You escaped.
You worshipped Qazlal.
Qazlal was extremely pleased with you.
You visited 10 branches of the dungeon, and saw 50 of its levels.
You also visited: Gauntlet, Ice Cave and Wizlab.

You collected 8437 gold pieces.
You spent 2789 gold pieces at shops.

Inventory:

Hand Weapons
 a - a +6 eveningstar of freezing
 b - a +2 broad axe of electrocution
 c - the +7 sceptre of Torment (weapon) {pain, torment}
   (You took it off a vampire knight on level 2 of the Depths)
 F - a +1 morningstar of holy wrath
Missiles
 I - 19 curare-tipped darts
Armour
 h - a +2 pair of gloves (worn)
 n - a +2 helmet
 p - the +4 cloak "Arahe" (worn) {rC++ Stlth+}
   (You found it on level 3 of the Dungeon)

   rC:        It greatly protects you from cold.
   Stlth:     It makes you more stealthy.
 x - a +4 barding of flying (worn)
 C - the +9 scales of the Dragon King (worn) {rPois rF+ rC+ Will+}
   (You found it on level 5 of the Pits of Slime)

   rF:        It protects you from fire.
   rC:        It protects you from cold.
   rPois:     It protects you from poison.
   Will:      It increases your willpower.
 T - a +5 kite shield of protection (worn)
 X - the +3 Mad Mage's Maulers {Infuse+∞ VampMP -Cast}
   (You found it on level 3 of the Swamp)

   Infuse+∞: It empowers its wearer's blows with all of their magic.
   VampMP:    Blows struck in melee replenish the wearer's magic.
   -Cast:     It prevents spellcasting.
Jewellery
 f - an amulet of faith (around neck)
 l - the ring "Uheokka" {Ice +Blink Slay+3}
   (You found it on level 2 of the Depths)

   [ring of ice]

   It enhances your ice magic.
   Slay:      It affects your accuracy & damage with ranged weapons and melee
   (+3).
   rF:        It makes you vulnerable to fire.
   rC:        It protects you from cold.
   +Blink:    It lets you blink.
 t - an amulet of the acrobat
 y - the ring of Equilibrium {*Slow rElec rF+++ Str+6 SInv}
   (You found it on level 1 of the Snake Pit)

   [ring of strength]

   Str:       It affects your strength (+6).
   rF:        It renders you almost immune to fire.
   rElec:     It insulates you from electricity.
   SInv:      It lets you see invisible.
   *Slow:     It may slow you when you take damage.
 B - the ring of Neiteaq {+Blink rN++ Will+}
   (You found it on level 11 of the Dungeon)

   [ring of willpower]

   rN:        It greatly protects you from negative energy.
   +Blink:    It lets you blink.
   Will:      It increases your willpower.
 G - the amulet "Kaquna" {rPois Regen+}
   (You found it on level 5 of the Pits of Slime)

   [amulet of regeneration]

   rPois:     It protects you from poison.
   Regen:     It increases your rate of health regeneration.
 M - the ring of Egalitarianism (right hand) {rElec rPois Will+ Slay+4}
   (You found it on level 2 of the Lair of Beasts)

   [ring of slaying]

   Slay:      It affects your accuracy & damage with ranged weapons and melee
   (+4).
   rElec:     It insulates you from electricity.
   rPois:     It protects you from poison.
   Will:      It increases your willpower.
 N - the ring of Hilank {rN+ rCorr AC+4 Int+2}
   (You found it on level 5 of the Pits of Slime)

   [ring of protection]

   AC:        It affects your AC (+4).
   Int:       It affects your intelligence (+2).
   rN:        It protects you from negative energy.
   rCorr:     It protects you from acid and corrosion.
 W - the ring "Datofi" (left hand) {rC+ rN+ rCorr Slay+2}
   (You bought it in a shop on level 3 of the Dungeon)

   [ring of resist corrosion]

   Slay:      It affects your accuracy & damage with ranged weapons and melee
   (+2).
   rC:        It protects you from cold.
   rN:        It protects you from negative energy.
   rCorr:     It protects you from acid and corrosion.
Wands
 D - a wand of acid (19)
 E - a wand of charming (52)
 O - a wand of digging (8)
 V - a wand of roots (48)
Scrolls
 g - 2 scrolls of silence
 i - 9 scrolls of vulnerability
 j - 29 scrolls of identify
 k - a scroll of enchant armour
 q - 14 scrolls of teleportation
 u - a scroll of poison
 H - 6 scrolls of butterflies
 J - 3 scrolls of revelation
 L - 6 scrolls of fog
 R - 3 scrolls of fear
 S - 3 scrolls of blinking
Potions
 d - 7 potions of might
 e - 7 potions of curing
 o - a potion of cancellation
 r - 12 potions of enlightenment
 s - 9 potions of attraction
 A - 3 potions of invisibility
 P - 5 potions of brilliance
 U - 3 potions of lignification
 Y - a potion of resistance
 Z - 2 potions of berserk rage
Miscellaneous
 v - a lightning rod (4/4)
 Q - a box of beasts


   Skills:
 - Level 20.0 Fighting
 - Level 18.5 Maces & Flails
 - Level 18.6 Armour
 - Level 12.1 Dodging
 - Level 15.0 Shields
 + Level 17.9 Necromancy
 - Level 21.1 Invocations
 - Level 8.0 Evocations


You had 12 spell levels left.
You knew the following spells:

 Your Spells              Type           Power      Damage    Failure   Level
a - Agony                 Necr           46%        N/A       16%         5
c - Vampiric Draining     Necr           46%        2d9       2%          3
t - Animate Dead          Necr           46%        N/A       6%          4

Your spell library contained the following spells:

 Spells                   Type           Power      Damage    Failure   Level
 Necrotise                Necr           100%       1d9       1%          1
 Sublimation of Blood     Necr           46%        N/A       1%          2
 Dispel Undead            Necr           46%        3d18      6%          4
 Kiss of Death            Conj/Necr      92%        2d12      22%         1
 Death Channel            Necr           23%        N/A       58%         6
 Anguish                  Hex/Necr       11%        N/A       88%         4
 Borgnjor's Vile Clutch   Necr/Erth      11%        N/A       99%         5
 Apportation              Tloc           0%         N/A       100%        1
 Beastly Appendage        Tmut           0%         N/A       100%        1
 Foxfire                  Conj/Fire      0%         2x1d4     100%        1
 Freeze                   Ice            0%         1d3       100%        1
 Sandblast                Erth           0%         2d4       100%        1
 Sting                    Tmut/Pois      0%         1d3       100%        1
 Ensorcelled Hibernation  Hex/Ice        0%         N/A       100%        2
 Passwall                 Tmut/Erth      0%         N/A       100%        2
 Poisonous Vapours        Pois/Air       0%         N/A       100%        2
 Wereblood                Tmut           0%         N/A       100%        2
 Call Canine Familiar     Summ           0%         N/A       100%        3
 Confusing Touch          Hex            0%         N/A       100%        3
 Dazzling Flash           Conj/Hex       0%         N/A       100%        3
 Gell's Gravitas          Tloc           0%         N/A       100%        3
 Inner Flame              Hex/Fire       0%         N/A       100%        3
 Ozocubu's Armour         Ice            0%         N/A       100%        3
 Portal Projectile        Hex/Tloc       0%         N/A       100%        3
 Spider Form              Tmut/Pois      0%         N/A       100%        3
 Stone Arrow              Conj/Erth      0%         3d7       100%        3
 Summon Guardian Golem    Hex/Summ       0%         N/A       100%        3
 Teleport Other           Tloc           0%         N/A       100%        3
 Tukima's Dance           Hex            0%         N/A       100%        3
 Vhi's Electric Charge    Tloc/Air       0%         N/A       100%        3
 Volatile Blastmotes      Fire/Tloc      0%         2d10      100%        3
 Animate Armour           Summ/Erth      0%         N/A       100%        4
 Cause Fear               Hex            0%         N/A       100%        4
 Flame Wave               Conj/Fire      0%         2d4       100%        4
 Iskenderun's Mystic Bla  Conj/Tloc      0%         2d3       100%        4
 Leda's Liquefaction      Hex/Erth       0%         N/A       100%        4
 Manifold Assault         Tloc           0%         N/A       100%        4
 Olgreb's Toxic Radiance  Pois           0%         N/A       100%        4
 Passage of Golubria      Tloc           0%         N/A       100%        4
 Petrify                  Tmut/Erth      0%         N/A       100%        4
 Sticky Flame             Conj/Fire      0%         2d3       100%        4
 Arcjolt                  Conj/Air       0%         1d10      100%        5
 Blade Hands              Tmut           0%         N/A       100%        5
 Fireball                 Conj/Fire      0%         3d3       100%        5
 Irradiate                Conj/Tmut      0%         3d11      100%        5
 Iskenderun's Battlesphe  Conj           0%         2d6       100%        5
 Metabolic Englaciation   Hex/Ice        0%         N/A       100%        5
 Silence                  Hex/Air        0%         N/A       100%        5
 Summon Forest            Summ/Tloc      0%         N/A       100%        5
 Summon Mana Viper        Hex/Summ       0%         N/A       100%        5
 Conjure Ball Lightning   Conj/Air       0%         3x3d6     100%        6
 Dispersal                Tloc           0%         N/A       100%        6
 Plasma Beam              Fire/Air       0%         2x1d10    100%        6
 Simulacrum               Ice/Necr       11%        N/A       100%        6
 Starburst                Conj/Fire      0%         6d3       100%        6
 Statue Form              Tmut/Erth      0%         N/A       100%        6
 Summon Cactus Giant      Summ           0%         N/A       100%        6
 Enfeeble                 Hex            0%         N/A       100%        7
 Haunt                    Necr/Summ      11%        N/A       100%        7
 Malign Gateway           Summ/Tloc      0%         N/A       100%        7
 Orb of Destruction       Conj           0%         9d5       100%        7
 Ozocubu's Refrigeration  Ice            0%         4d7       100%        7
 Spellforged Servitor     Conj/Summ      0%         N/A       100%        7
 Storm Form               Tmut/Air       0%         N/A       100%        7
 Infestation              Necr           23%        N/A       100%        8
 Lehudib's Crystal Spear  Conj/Erth      0%         10d2      100%        8
 Maxwell's Capacitive Co  Air            0%         ∞         100%        8
 Summon Horrible Things   Summ           0%         N/A       100%        8
 Chain Lightning          Conj/Air       0%         N/A       100%        9


Dungeon Overview and Level Annotations

Branches:
Dungeon (15/15)            Temple (1/1) D:4            Lair (5/5) D:8
  Swamp (4/4) Lair:3        Snake (4/4) Lair:3        Slime (5/5) Lair:4
    Orc (2/2) D:10            Elf (0/3) Orc:2        Vaults (4/5) D:14
  Crypt (0/3) Vaults:2     Depths (4/4) D:15            Zot (5/5) Depths:4
  IceCv (visited)          WizLab (visited)         Gauntlet (visited)

Altars:
Ashenzari
Cheibriados
Dithmenos
Elyvilon
Fedhas
Gozag
Hepliaklqana
Kikubaaqudgha
Makhleb
Nemelex Xobeh
Okawaru
Qazlal
Ru
Sif Muna
Trog
Uskayaw
Vehumet
Wu Jian
Xom
Yredelemnul
Zin
The Shining One
Jiyva

Shops:
D:3 =   D:7 =   D:10 [   Orc:1 (   Orc:2 :=:!   Snake:2 !   Snake:3 [
Snake:4 ([(*   Vaults:3 ([:*

Portals:
Hell: Depths:1 Depths:2 Depths:3 Depths:4
Abyss: Snake:1 Depths:3 Depths:4
Pandemonium: Depths:1 Depths:2 Depths:3
Ziggurat: Depths:2

Annotations:
D:6 1 runed translucent door
D:15 3 runed translucent doors
Snake:1 1 transporter, Meok's ghost, adept MiFi
Vaults:4 3 runed translucent doors, Feshunla's ghost, adept KoEn
Zot:2 1 transporter, exclusion: orange crystal statue
Zot:5 1 exclusion


Innate Abilities, Weirdness & Mutations

You are completely covered in rugged brown scales. (AC +3, +7% HP)
Armour fits poorly on your strangely shaped body.
You have a long armoured tail.
You roll when moving toward enemies. (Rampage)
Your long tongue fully drains potion bottles. (2x potion effects)
Your tongue gives you trouble enunciating. (1.5x scroll delay)
You have a beak for a mouth.
Your tail ends in a venomous barb.
Your flesh is cold resistant. (rC+)
You are frail. (-10% HP)
Your system is resistant to poisons. (rPois)
Your spells are a little harder to cast, but a little more powerful.


Message History

Qazlal accepts your kill.
You see here 7 stones.
There is a stone staircase leading up here.
You fly upwards.
There is a stone staircase leading down here.
An efreet comes into view.
It is wielding a +4 scimitar of flaming.
You can't go up here!
The efreet moves out of view.
The efreet gestures at you.
You hear a sizzling sound!
The efreet gestures at you.
The bolt of fire hits you but does no damage.
There is a stone staircase leading up here.
You fly upwards.
There is a stone staircase leading down here.
There is a stone staircase leading up here.
You fly upwards.
There is a stone staircase leading down here.
There is a staircase leading out of the dungeon here.
Really quaff the potion of mutation?
You feel extremely strange.
You feel less resistant to poisons.
Your iridescent scales disappear.
You regain control of your magic.
You feel clumsy.
Your vision sharpens.
Your feet thicken and deform.
Your mouth lengthens and hardens into a beak!
Your +2 helmet falls away!
Iridescent scales grow over part of your body.
Your hooves expand and flesh out into feet!
You feel resistant to poisons.
You slurp down every last drop of the potion of mutation!
Really quaff the potion of mutation?
You feel extremely strange.
You lose the ability to read scrolls when taking damage less often.
Your iridescent scales disappear.
You no longer become unable to read scrolls after taking damage.
Your vision seems duller.
You feel resistant to cold.
You feel less in control of your magic.
A venomous barb forms on the end of your tail.
You slurp down every last drop of the potion of mutation!
You have escaped!

#.........................#8.
###.......................##.
#.....##########........##.
##...8.~~~~~~~~##.......##.
#.##.~~~.....~~#....(..#8.
#.##.~~..~~~..~#.......##.
#.##.~..°~~°~..#..........
#..'.~.~~...~~.#.........#
#..'.~.°§@~..~.+..##....##
#.##.~~○.§~~.~.+..##..#.##
#####.##..~~°~°§.~.#..###....#
#..†.†.#~..~~~..~~.######(#..#
#......#~~.....~~~.#.##...#...
#......##~~~~~~~~.8...........
#.......##########......#....#
#........#..........#...#..).#
#...)....##.......)##........#


There were no monsters in sight!

Vanquished Creatures
  Dissolution (Slime:3)
  the Royal Jelly (Slime:5)
  A dread lich (Zot:5)
  4 ancient liches
  A juggernaut (Depths:4)
  5 orbs of fire
  Mennas (Vaults:4)
  Frederick (Depths:4)
  the Lernaean hydra (Swamp:4)
  Bai Suzhen (Snake:3)
  Xtahua (Depths:3)
  8 Killer Klowns
  Vashnia (Snake:4)
  Parghit (Zot:3)
  3 curse toes
  4 golden dragons
  2 bone dragons (Depths:4)
  A profane servitor (Depths:1)
  A Tzitzimitl (D:10)
  2 electric golems
  11 tentacled monstrosities
  An Ice Fiend (IceCv)
  Mlioglotl (Snake:4)
  6 liches
  Rupert (D:11)
  27 Orb Guardians
  A walking earthen tome (Depths:2)
  6 quicksilver dragons
  2 deep elf master archers (WizLab)
  20 acid blobs
  An ancient champion (Vaults:2)
  5 death cobs
  An Executioner (D:15)
  4 sphinxes
  7 shadow dragons
  Frances (D:12)
  2 tengu reavers
  A thorn hunter (WizLab)
  Donald (Snake:2)
  4 nagarajas
  8 storm dragons
  5 fenstrider witches
  6 frost giants
  7 rockslimes
  9 azure jellies
  2 draconian knights
  Aizul (Snake:2)
  7 fire giants
  4 draconian scorchers
  11 vault wardens
  4 draconian stormcallers
  2 iron dragons
  4 draconian shifters
  The ghost of Comisk the Nimble, a journeyman HuIE of the Shining One (D:13)
  Louise (Snake:1)
  11 quicksilver oozes
  3 ghost moths
  An orc warlord (Vaults:3)
  2 draconian annihilators
  3 war gargoyles (Vaults:4)
  A reaper (Depths:1)
  2 spriggan defenders (Depths:2)
  18 ironbound preservers
  9 formless jellyfish
  5 ironbound thunderhulks
  10 stone giants
  21 very ugly things
  6 vampire knights
  A deep elf demonologist (Depths:4)
  A lorocyproca (Depths:3)
  9 green draconians
  A black draconian (Zot:3)
  7 purple draconians
  A minotaur (Gauntlet)
  22 dire elephants
  5 eleionomae
  7 red draconians
  10 spark wasps
  4 bunyips
  2 white draconians
  9 yellow draconians
  16 ettins
  2 pearl dragon zombies (Depths:1)
  Josephine (D:11)
  A jiangshi (Vaults:2)
  2 merfolk javelineers (Depths:1)
  2 merfolk impalers (D:13)
  13 great orbs of eyes
  An entropy weaver (shapeshifter) (Depths:2)
  9 fire dragons
  3 shambling mangroves
  13 yaktaur captains
  2 deep elf high priests
  17 hydras
  A hell beast (Depths:1)
  28 vault guards
  The ghost of horus123 the Destroyer, a journeyman HuCj of Sif Muna (Orc:2)
  A peacekeeper (Vaults:4)
  2 caustic shrike simulacra (IceCv)
  4 rakshasas
  2 salamander tyrants (Snake:4)
  4 catoblepae
  8 anacondas
  3 ogre magi
  12 ice dragons
  A ghost crab (Swamp:2)
  2 death knights
  4 spriggan air magi
  11 two-headed ogres
  21 centaur warriors
  12 ironbound frosthearts
  8 boulder beetles
  A satyr (WizLab)
  A dancing weapon (Vaults:4)
  A vampire mage (Depths:2)
  10 deep troll shamans
  15 death yaks
  9 alligators
  7 deep troll earth magi
  8 naga warriors
  3 orc high priests (Orc:2)
  4 hell hogs (Depths:1)
  5 spriggan berserkers
  24 naga sharpshooters
  5 shock serpents
  8 tengu warriors
  4 iron trolls
  Sonja (Orc:2)
  2 deep elf knights (D:12)
  Amaemon (D:8)
  10 goliath frogs
  7 salamander mystics
  2 skeletal warriors (D:14)
  A death drake (Swamp:2)
  43 deep trolls
  5 spriggan druids
  2 obsidian statues (IceCv)
  A flayed ghost (Depths:3)
  A glowing orange brain (Depths:2)
  An orange crystal statue (D:15)
  12 naga ritualists
  3 phantasmal warriors
  17 ironbound convokers
  A lindwurm (shapeshifter) (Depths:2)
  4 deep elf archers (WizLab)
  11 lindwurms
  11 wizards
  A harpy (Vaults:2)
  13 bog bodies
  3 necromancers
  14 swamp dragons
  4 deep elf pyromancers
  6 mana vipers
  10 orc knights
  68 ugly things
  2 oklob plants
  7 orc sorcerers (Orc:2)
  6 shining eyes
  3 cyclopes
  4 will-o-the-wisps
  A stone giant zombie (Vaults:4)
  3 manticores
  6 fauns (WizLab)
  12 salamanders
  14 elephants
  4 apis skeletons (Depths:1)
  15 moths of wrath
  41 black mambas
  4 eyes of devastation
  2 guardian serpents (shapeshifter)
  11 vault sentinels
  6 guardian serpents
  11 naga magi
  3 orange demons
  A smoke demon (Depths:3)
  9 cane toads
  Maggie (D:9)
  A yaktaur zombie (Vaults:4)
  Psyche (D:11)
  An efreet (D:14)
  A torpor snail (Lair:2)
  A yaktaur (shapeshifter) (D:14)
  23 yaktaurs
  A tengu conjurer (Depths:4)
  9 kobold demonologists
  7 freezing wraiths
  8 komodo dragons
  An anaconda simulacrum (IceCv)
  A bloated husk (Swamp:3)
  20 hornets
  3 polar bears
  A polar bear (shapeshifter) (D:15)
  5 trolls
  2 hellwings (Depths:3)
  11 tyrant leeches
  4 raiju
  14 dream sheep
  A human skeleton (Vaults:3)
  16 spriggans
  A slime creature (shapeshifter) (D:15)
  A centaur simulacrum (D:15)
  A shadow (D:12)
  8 wraiths
  85 slime creatures
  3 water elementals (Depths:1)
  6 wyverns
  5 basilisks
  30 yaks
  3 vampire mosquitoes
  5 golden eyes (Slime:4)
  An elf skeleton (Vaults:4)
  5 steam dragons
  A glowing shapeshifter zombie (Vaults:3)
  Edmund (D:6)
  37 nagas
  2 wargs (Orc:2)
  16 swamp worms
  2 minotaur simulacra (IceCv)
  An acid dragon (D:11)
  14 water moccasins
  5 hydra simulacra (IceCv)
  30 orc warriors
  9 swamp drakes
  A glowing shapeshifter skeleton (Vaults:3)
  3 ettin simulacra (IceCv)
  4 ice beasts
  An alligator simulacrum (IceCv)
  3 black bears
  7 ogres
  19 wolves
  5 boggarts
  5 centaurs
  11 kobold brigands
  A human zombie (Vaults:4)
  16 bullfrogs
  A deep troll simulacrum (IceCv)
  A gnoll sergeant (Orc:1)
  11 scorpions
  A hornet simulacrum (D:15)
  19 killer bees
  2 howler monkeys
  4 crimson imps (D:4)
  4 hounds
  2 jellies
  19 orc priests
  2 gnoll boudas
  4 iguanas
  3 sleepcaps
  Terence (D:2)
  31 orc wizards
  A lightning spire (Gauntlet)
  15 gnolls
  10 adders
  A shadow imp (D:7)
  4 white imps
  2 ufetubi
  3 worms
  2 dart slugs
  77 orcs
  5 ball pythons
  9 bats
  8 endoplasms
  8 giant cockroaches
  10 goblins
  8 hobgoblins
  31 kobolds
  A quokka (D:1)
  7 rats
  A butterfly (D:6)
  3 spectral weapons (Snake:3)
1911 creatures vanquished.

Vanquished Creatures (collateral kills)
  A spriggan berserker (Depths:3)
1 creature vanquished.

Vanquished Creatures (others)
  Nikola (Swamp:4)
  A draconian knight (Zot:4)
  A goliath frog (Swamp:2)
  2 bloated husks
  A spriggan (Swamp:1)
  A swamp worm (Swamp:2)
  10 foxfires
  6 starspawn tentacles (Snake:1)
23 creatures vanquished.

Grand Total: 1935 creatures vanquished

Notes
Turn   | Place    | Note
-------+----------+-------------------------------------------
     0 | D:1      | Shard1697 the Armataur Fighter began the quest for the Orb.
     0 | D:1      | Reached XP level 1. HP: 19/19 MP: 1/1
    92 | D:1      | Reached XP level 2. HP: 26/26 MP: 2/2
   724 | D:2      | Reached XP level 3. HP: 18/32 MP: 3/3
  1097 | D:2      | Got the Quarto of the Boreal Brume
  1155 | D:2      | Noticed Terence
  1166 | D:2      | Killed Terence
  1167 | D:2      | Reached XP level 4. HP: 28/39 MP: 4/4
  1564 | D:3      | Identified the +4 cloak "Arahe" {rC++ Stlth+}
  1601 | D:3      | Found Bukh's Jewellery Boutique.
  2131 | D:3      | Reached XP level 5. HP: 44/44 MP: 5/5
  2468 | D:4      | Found a shimmering altar of Xom.
  2478 | D:4      | Reached skill level 5 in Maces & Flails
  2486 | D:4      | Reached XP level 6. HP: 40/55 MP: 6/6
  2616 | D:4      | Found a staircase to the Ecumenical Temple.
  2705 | D:4      | Found a basalt altar of Yredelemnul.
  3014 | Temple   | Entered the Ecumenical Temple
  3050 | Temple   | Became a worshipper of Qazlal Stormbringer
  3085 | D:5      | Entered Level 5 of the Dungeon
  3090 | D:5      | Reached skill level 5 in Fighting
  3140 | D:5      | Reached XP level 7. HP: 56/66 MP: 7/7
  3285 | D:5      | Reached * piety under Qazlal
  3326 | D:5      | Reached XP level 8. HP: 51/79 MP: 8/8
  3868 | D:5      | Reached XP level 9. HP: 101/101 MP: 9/9
  3868 | D:5      | Reached XP level 10. HP: 110/110 MP: 10/10
  4028 | D:6      | Reached skill level 1 in Invocations
  4149 | D:6      | Noticed Edmund
  4157 | D:6      | Killed Edmund
  4230 | D:6      | Found a runed translucent door.
  4231 | D:6      | Found a runed translucent door.
  4239 | D:6      | Reached ** piety under Qazlal
  4330 | D:6      | Reached skill level 2 in Invocations
  5091 | D:7      | Reached *** piety under Qazlal
  5104 | D:7      | Found Yhaf's Jewellery Boutique.
  5698 | D:8      | Reached skill level 3 in Invocations
  6091 | D:8      | Noticed Amaemon
  6091 | D:8      | Noticed an orange demon
  6117 | D:8      | Killed an orange demon
  6118 | D:8      | Reached skill level 5 in Shields
  6118 | D:8      | Reached XP level 11. HP: 111/117 MP: 13/13
  6120 | D:8      | Killed Amaemon
  6213 | D:8      | Found a staircase to the Lair.
  6498 | D:9      | Noticed Maggie
  6506 | D:9      | Killed Maggie
  6570 | D:9      | Reached skill level 4 in Invocations
  6580 | D:9      | Reached **** piety under Qazlal
  6770 | D:9      | Found a shadowy altar of Dithmenos.
  6802 | D:9      | Found a radiant altar of Vehumet.
  6914 | D:9      | Identified the +7 sling of Ysodisk {flame, Stlth+}
  7367 | D:10     | Entered Level 10 of the Dungeon
  7385 | D:10     | Found a staircase to the Orcish Mines.
  7385 | D:10     | Found Atigruch's Armour Boutique.
  7511 | D:10     | Found an iron altar of Okawaru.
  7516 | D:10     | Found a shimmering blue altar of Sif Muna.
  7517 | D:10     | Found an ancient bone altar of Kikubaaqudgha.
  7517 | D:10     | Found a sacrificial altar of Ru.
  7517 | D:10     | Found a broken altar of Ashenzari.
  7517 | D:10     | Found a blossoming altar of Fedhas.
  7520 | D:10     | Found a hide-covered altar of Uskayaw.
  7628 | D:10     | Reached ***** piety under Qazlal
  7863 | D:10     | Noticed a sun demon
  7991 | D:10     | Identified the +5 flail of Gluttony {venom, rC+ Dex+5}
  8059 | D:11     | Noticed a two-headed ogre
  8063 | D:11     | Killed a two-headed ogre
  8064 | D:11     | Reached skill level 5 in Invocations
  8295 | D:11     | Noticed Josephine
  8311 | D:11     | Killed Josephine
  8776 | D:11     | Noticed a sixfirhy
  8833 | D:11     | Noticed a boulder beetle
  8862 | D:11     | Killed a boulder beetle
  8863 | D:11     | Reached skill level 6 in Invocations
  9112 | D:11     | Identified the ring of Neiteaq {+Blink rN++ Will+}
  9204 | Orc:1    | Entered Level 1 of the Orcish Mines
  9212 | Orc:1    | Found Veifuaqo's Weapon Emporium.
  9338 | Orc:1    | Reached XP level 12. HP: 109/125 MP: 16/16
  9647 | Orc:2    | Entered Level 2 of the Orcish Mines
  9847 | Orc:2    | Found a runed translucent gate.
  9848 | Orc:2    | Found a runed translucent gate.
  9848 | Orc:2    | Found a runed translucent gate.
  9849 | Orc:2    | Noticed horus123's ghost (journeyman HuCj)
  9874 | Orc:2    | Reached skill level 7 in Invocations
 10027 | Orc:2    | Noticed Sonja
 10046 | Orc:2    | Killed Sonja
 10449 | Orc:2    | Found a staircase to the Elven Halls.
 10487 | Orc:2    | Noticed an orc high priest
 10546 | Orc:2    | Killed an orc high priest
 10561 | Orc:2    | Reached ****** piety under Qazlal
 10675 | Orc:1    | Noticed an ettin
 10681 | Orc:1    | Killed an ettin
 11032 | Orc:2    | Noticed an orc high priest
 11042 | Orc:2    | Killed an orc high priest
 11075 | Orc:2    | Reached skill level 8 in Invocations
 11090 | Orc:2    | Noticed an orc high priest
 11092 | Orc:2    | Killed an orc high priest
 11142 | Orc:2    | Reached skill level 5 in Armour
 11449 | Orc:2    | Found Deni's Distillery.
 11454 | Orc:2    | Found Waseax Kesu's Book Emporium.
 11458 | Orc:2    | Bought a potion of heal wounds for 85 gold pieces
 11458 | Orc:2    | Bought a potion of heal wounds for 85 gold pieces
 11458 | Orc:2    | Bought a potion of curing for 51 gold pieces
 11458 | Orc:2    | Bought a potion of curing for 51 gold pieces
 11458 | Orc:2    | Bought a potion of curing for 51 gold pieces
 11460 | Orc:2    | Found Dauniom's Jewellery Emporium.
 11462 | Orc:2    | Found Laoroitte's Book Shop.
 11470 | Orc:2    | Bought a manual of Maces & Flails for 1200 gold pieces
 11641 | Orc:2    | Killed horus123's ghost
 11642 | Orc:2    | Reached skill level 10 in Shields
 11642 | Orc:2    | Reached XP level 13. HP: 115/132 MP: 19/19
 11877 | Lair:1   | Entered Level 1 of the Lair of Beasts
 12222 | Lair:1   | Reached skill level 9 in Invocations
 12737 | Lair:2   | Identified the ring of Egalitarianism {rElec rPois Will+
                  | Slay+4}
 13706 | Lair:3   | Found a staircase to the Snake Pit.
 13755 | Lair:3   | Reached skill level 10 in Invocations
 14245 | Lair:3   | Found a staircase to the Swamp.
 15081 | Lair:4   | Found a staircase to the Slime Pits.
 15082 | Lair:4   | Found a viscous altar of Jiyva.
 15151 | Lair:4   | Reached skill level 15 in Maces & Flails
 15151 | Lair:4   | Reached XP level 14. HP: 117/142 MP: 21/21
 15779 | Lair:5   | Entered Level 5 of the Lair of Beasts
 15989 | Lair:5   | Reached skill level 11 in Invocations
 17607 | Lair:5   | Identified the +9 flail "Kijo" {pain, Fragile rC+++ Str+3
                  | Int+7}
 17749 | Snake:1  | Entered Level 1 of the Snake Pit
 17760 | Snake:1  | Reached skill level 15 in Fighting
 17760 | Snake:1  | Reached skill level 12 in Invocations
 17989 | Snake:1  | Found a transporter.
 18000 | Snake:1  | Noticed Meok's ghost (adept MiFi)
 18004 | Snake:1  | Noticed a tentacled starspawn
 18430 | Snake:1  | Noticed a daeva
 18645 | Snake:1  | Noticed Louise
 18657 | Snake:1  | Killed Louise
 18784 | Snake:1  | Reached XP level 15. HP: 99/150 MP: 24/24
 19229 | Snake:1  | Found a transporter.
 20045 | Snake:1  | Found a one-way gate to the infinite horrors of the Abyss.
 20143 | Snake:1  | Identified the ring of Equilibrium {*Slow rElec rF+++ Str+6
                  | SInv}
 20807 | Snake:2  | Reached skill level 13 in Invocations
 21285 | Snake:2  | Found Fycaawop's Distillery.
 21293 | Snake:2  | Bought a potion of might for 48 gold pieces
 21293 | Snake:2  | Bought a potion of heal wounds for 60 gold pieces
 21293 | Snake:2  | Bought a potion of degeneration for 12 gold pieces
 21296 | Snake:2  | Bought 2 potions of curing for 72 gold pieces
 21296 | Snake:2  | Bought a potion of curing for 36 gold pieces
 21459 | Snake:3  | Noticed Donald
 21474 | Snake:2  | Killed Donald
 21475 | Snake:2  | Reached skill level 10 in Armour
 21592 | Snake:3  | Found Gucoc's Antique Armour Boutique.
 21592 | Snake:3  | Noticed Aizul
 21751 | Snake:2  | Killed Aizul
 22252 | Snake:3  | Bought a pair of embroidered gloves for 307 gold pieces
 22463 | Snake:4  | Entered Level 4 of the Snake Pit
 22681 | Snake:4  | Found Erumiafi's Antique Weapon Emporium.
 22912 | Snake:4  | Noticed Bai Suzhen
 23272 | Snake:4  | Reached skill level 14 in Invocations
 23276 | Snake:4  | Reached XP level 16. HP: 144/160 MP: 26/26
 23870 | Snake:4  | Noticed Vashnia
 23885 | Snake:4  | Killed Vashnia
 25074 | Snake:4  | Found Soma's Antique Weapon Emporium.
 25074 | Snake:4  | Found Zeget's Antique Armour Emporium.
 25078 | Snake:4  | Found Halepa's Assorted Antiques.
 25083 | Snake:4  | Bought 2 potions of curing for 126 gold pieces
 25209 | Snake:4  | Noticed Mlioglotl
 25214 | Snake:4  | Killed Mlioglotl
 25215 | Snake:4  | Reached skill level 15 in Invocations
 25469 | Snake:4  | Got a serpentine rune of Zot
 25683 | Snake:3  | Killed Bai Suzhen
 25770 | Swamp:1  | Entered Level 1 of the Swamp
 25770 | Swamp:1  | You are sucked into a shaft and drop 1 floor!
 26058 | Swamp:2  | Reached skill level 1 in Dodging
 26976 | Swamp:1  | Reached XP level 17. HP: 136/169 MP: 28/28
 27324 | D:3      | Bought the ring "Datofi" {rC+ rN+ rCorr Slay+2} for 605
                  | gold pieces
 27812 | Swamp:1  | Reached skill level 5 in Dodging
 28448 | Swamp:3  | Identified the +5 robe "Etey" {Harm}
 28561 | Swamp:3  | Found the +3 Mad Mage's Maulers {Infuse+∞ VampMP -Cast}
 28594 | Swamp:3  | Identified the +4 great mace of Brutal Revenge {heavy,
                  | *Corrode rN+++ Dex+3 SInv}
 29086 | Swamp:4  | Entered Level 4 of the Swamp
 29176 | Swamp:4  | Noticed a tentacled monstrosity
 29189 | Swamp:4  | Killed a tentacled monstrosity
 29303 | Swamp:4  | Noticed Nikola
 29321 | Swamp:4  | Killed Nikola
 30232 | Swamp:4  | Noticed the 27-headed Lernaean hydra
 30244 | Swamp:4  | Killed the 27-headed Lernaean hydra
 30401 | Swamp:4  | Got a decaying rune of Zot
 30828 | Slime:1  | Entered Level 1 of the Pits of Slime
 30831 | Slime:1  | Noticed an acid blob
 30878 | Slime:1  | Killed an acid blob
 30889 | Slime:1  | Noticed an acid blob
 31233 | D:12     | Noticed Psyche
 31233 | D:12     | Found a transporter.
 31235 | D:12     | Noticed Rupert
 31249 | D:11     | Killed Psyche
 31316 | D:11     | Killed Rupert
 31317 | D:11     | Reached skill level 10 in Dodging
 31463 | D:12     | Reached XP level 18. HP: 142/177 MP: 29/29
 31727 | D:12     | Found a transporter.
 31731 | D:12     | Noticed Frances
 31741 | D:12     | Killed Frances
 32510 | D:13     | Got Sif Muna's Treatise on Shifting
 32574 | D:13     | Found a runed translucent gate.
 32574 | D:13     | Found a runed translucent gate.
 32575 | D:13     | Found a runed translucent gate.
 32578 | D:13     | Noticed Comisk's ghost (journeyman HuIE)
 33025 | D:13     | Found an iron altar of Okawaru.
 33057 | D:13     | Killed Comisk's ghost
 33075 | D:13     | Identified the +3 rapier of Shrieking Terror {heavy, *Slow
                  | +Blink rElec MP+9}
 33296 | D:14     | Found a gate leading to a gauntlet.
 33301 | Gauntlet | Entered a Gauntlet
 33301 | Gauntlet | Found a transporter.
 33301 | Gauntlet | Found a transporter.
 33318 | Gauntlet | Found a transporter.
 33320 | Gauntlet | Found a transporter.
 33328 | Gauntlet | Found a transporter.
 33333 | Gauntlet | Found a transporter.
 33343 | Gauntlet | Found a transporter.
 33361 | Gauntlet | Found a transporter.
 33382 | Gauntlet | Found a transporter.
 33383 | Gauntlet | Found a transporter.
 33391 | Gauntlet | Found a transporter.
 33395 | Gauntlet | Found a transporter.
 33630 | Gauntlet | Identified the amulet of the Devouring Pariah {RegenMP Harm
                  | Fly}
 33648 | Gauntlet | Identified the ring "Ureif" {+Blink rElec rN++ Str+6 Int-4}
 33664 | D:14     | Found a frozen archway.
 33673 | IceCv    | Entered an ice cave
 34108 | IceCv    | Noticed an Ice Fiend
 34123 | IceCv    | Killed an Ice Fiend
 34454 | D:14     | Reached skill level 1 in Evocations
 34551 | D:14     | Found a gate to the Vaults.
 34955 | D:15     | Entered Level 15 of the Dungeon
 35533 | D:15     | Found a runed translucent door.
 35646 | D:15     | Found a runed translucent door.
 35646 | D:15     | Found a runed translucent door.
 35653 | D:15     | Found a runed translucent door.
 36132 | D:15     | Found a staircase to the Depths.
 36272 | Vaults:1 | Entered Level 1 of the Vaults
 36329 | Vaults:1 | Paralysed by a formless jellyfish for 1 turns
 36575 | Vaults:1 | Reached skill level 5 in Evocations
 36583 | Vaults:1 | Reached XP level 19. HP: 175/184 MP: 30/30
 36662 | Vaults:1 | Reached skill level 15 in Shields
 38259 | Vaults:2 | Reached skill level 16 in Invocations
 38815 | Vaults:2 | Paralysed by a great orb of eyes for 4 turns
 39585 | Vaults:2 | Found a staircase to the Crypt.
 39882 | Vaults:3 | Found Pefaatu's Antique Weapon Boutique.
 40228 | Vaults:3 | Found Buosko's Antique Armour Shoppe.
 40231 | Vaults:3 | Found Usuemodd's Book Shop.
 40634 | Vaults:2 | Reached skill level 17 in Invocations
 41249 | Vaults:3 | Reached XP level 20. HP: 196/196 MP: 32/32
 41436 | Vaults:3 | Found Huazykk's Assorted Antiques.
 41586 | Vaults:3 | Identified the +1 ring mail "Qiwke" {Harm}
 43378 | Vaults:4 | Found a runed translucent gate.
 43379 | Vaults:4 | Found a runed translucent gate.
 43379 | Vaults:4 | Found a runed translucent gate.
 43380 | Vaults:4 | Noticed Feshunla's ghost (adept KoEn)
 43452 | Vaults:4 | Reached skill level 18 in Invocations
 43510 | Vaults:4 | Noticed Mennas
 43569 | Vaults:4 | Killed Mennas
 44653 | Vaults:5 | Entered Level 5 of the Vaults
 44660 | Vaults:5 | Reached skill level 15 in Armour
 44661 | Vaults:5 | Reached XP level 21. HP: 176/207 MP: 27/34
 45747 | Slime:2  | Gained mutation: You have hidden genetic defects. [a
                  | shining eye]
 45749 | Slime:2  | Gained mutation: Your spells are a little easier to cast,
                  | but a little less powerful. [a shining eye]
 45766 | Slime:2  | Gained mutation: You are frail. (-10% HP) [a shining eye]
 45767 | Slime:2  | Gained mutation: Your body sometimes deteriorates upon
                  | taking damage. [a shining eye]
 45768 | Slime:2  | Gained mutation: Your body often deteriorates upon taking
                  | damage. [a shining eye]
 45769 | Slime:2  | Gained mutation: You are weak. (Str -2) [a shining eye]
 45777 | Slime:2  | Lost mutation: You have hidden genetic defects. [potion of
                  | mutation]
 45777 | Slime:2  | Lost mutation: Your body often deteriorates upon taking
                  | damage. [potion of mutation]
 45777 | Slime:2  | Lost mutation: Your spells are a little easier to cast, but
                  | a little less powerful. [potion of mutation]
 45777 | Slime:2  | Lost mutation: You are weak. (Str -2) [potion of mutation]
 45777 | Slime:2  | Gained mutation: Your tail ends in a venomous barb. [potion
                  | of mutation]
 45777 | Slime:2  | Gained mutation: You occasionally lose the ability to drink
                  | potions when taking damage. [potion of mutation]
 45777 | Slime:2  | Gained mutation: Your tail ends in a sharp venomous barb.
                  | [potion of mutation]
 45777 | Slime:2  | Gained mutation: You have a pair of small antennae on your
                  | head. [potion of mutation]
 45777 | Slime:2  | Gained mutation: Your muscles are strong. (Str +4, Int/Dex
                  | -1) [potion of mutation]
 45777 | Slime:2  | Lost mutation: Your muscles are strong. (Str +4, Int/Dex
                  | -1) [potion of mutation]
 45777 | Slime:2  | Gained mutation: You are strong-willed. (Will+) [potion of
                  | mutation]
 45778 | Slime:2  | Lost mutation: Your body sometimes deteriorates upon taking
                  | damage. [potion of mutation]
 45778 | Slime:2  | Lost mutation: Your tail ends in a sharp venomous barb.
                  | [potion of mutation]
 45778 | Slime:2  | Lost mutation: You have a pair of small antennae on your
                  | head. [potion of mutation]
 45778 | Slime:2  | Lost mutation: You occasionally lose the ability to drink
                  | potions when taking damage. [potion of mutation]
 45778 | Slime:2  | Lost mutation: You are strong-willed. (Will+) [potion of
                  | mutation]
 45778 | Slime:2  | Lost mutation: You are frail. (-10% HP) [potion of
                  | mutation]
 45778 | Slime:2  | Gained mutation: You are weak. (Str -2) [potion of
                  | mutation]
 45778 | Slime:2  | Gained mutation: You are dopey. (Int -2) [potion of
                  | mutation]
 45778 | Slime:2  | Gained mutation: Your magical capacity is low. (-10% MP)
                  | [potion of mutation]
 45778 | Slime:2  | Gained mutation: You are partially covered in iridescent
                  | scales. (AC +2) [potion of mutation]
 45778 | Slime:2  | Gained mutation: You have a somewhat thin skeletal
                  | structure. (Dex +2, Stealth+) [potion of mutation]
 45966 | Slime:3  | Noticed Dissolution
 46010 | Slime:3  | Killed Dissolution
 46030 | Slime:3  | Reached skill level 19 in Invocations
 46452 | Slime:4  | Gained mutation: You are clumsy. (Dex -2) [a shining eye]
 46528 | Slime:5  | Entered Level 5 of the Pits of Slime
 46578 | Slime:5  | Paralysed by a formless jellyfish for 1 turns
 46925 | Slime:5  | Noticed the Royal Jelly
 46953 | Slime:5  | Killed the Royal Jelly
 47014 | Slime:5  | Found the +9 scales of the Dragon King {rPois rF+ rC+
                  | Will+}
 47073 | Slime:5  | Identified the +5 quarterstaff "Hiump" {heavy, Contam rElec
                  | Str-5 Int+6}
 47117 | Slime:5  | Got a slimy rune of Zot
 47118 | Slime:5  | Identified the amulet "Kaquna" {rPois Regen+}
 47267 | Slime:5  | Identified a scroll of acquirement
 47272 | Slime:5  | Identified the staff of Forgiveness {Int+4 Dex+5 Stlth-
                  | Conj}
 47273 | Slime:5  | Identified the +1 helmet "Namyonn Tami" {*Corrode *Slow
                  | rElec Dex+8}
 47292 | Slime:5  | Identified the ring of Hilank {rN+ rCorr AC+4 Int+2}
 47299 | Slime:5  | Acquired 557 gold pieces
 47302 | Slime:5  | Got Xaguru's Spellcraft, Part Four
 47598 | Depths:1 | Entered Level 1 of the Depths
 47649 | Depths:1 | Found a gateway to Hell.
 47662 | Depths:1 | Found a one-way gate leading to the halls of Pandemonium.
 47695 | Depths:1 | Found a magical portal.
 47720 | WizLab   | Entered Eringya's Formal Garden
 48062 | WizLab   | Reached XP level 22. HP: 200/220 MP: 32/32
 48223 | WizLab   | Found a blossoming altar of Fedhas.
 48571 | Depths:1 | Reached skill level 20 in Invocations
 49021 | Depths:1 | Found a basalt altar of Yredelemnul.
 49133 | Depths:1 | Found a shimmering blue altar of Sif Muna.
 49320 | Depths:2 | Noticed a golden dragon
 49619 | Depths:1 | Killed a golden dragon
 49747 | Depths:2 | Reached skill level 21 in Invocations
 50135 | Depths:2 | Learned a level 3 spell: Vampiric Draining
 50165 | Depths:2 | Reached skill level 1 in Necromancy
 50267 | Depths:2 | Found a one-way gateway to a ziggurat.
 50398 | Depths:2 | You are sucked into a shaft and drop 2 floors!
 50398 | Depths:4 | Entered Level 4 of the Depths
 50661 | Depths:2 | Identified the ring "Uheokka" {Ice +Blink Slay+3}
 50812 | Depths:3 | Found a blossoming altar of Fedhas.
 50901 | Depths:3 | Reached XP level 23. HP: 230/230 MP: 33/33
 50930 | Depths:3 | Reached skill level 5 in Necromancy
 52206 | Depths:4 | Noticed Xtahua
 52319 | Depths:3 | Killed Xtahua
 52480 | Depths:4 | Noticed a juggernaut
 52567 | Depths:4 | Killed a juggernaut
 52664 | Depths:4 | Found a gate to the Realm of Zot.
 53072 | Depths:4 | Reached skill level 10 in Necromancy
 53116 | Depths:4 | Noticed Frederick
 53125 | Depths:4 | Killed Frederick
 53645 | Zot:1    | Entered Level 1 of the Realm of Zot
 53699 | Zot:1    | Noticed a curse toe
 53716 | Zot:1    | Killed a curse toe
 53997 | Zot:3    | You are sucked into a shaft and drop 1 floor!
 54228 | Zot:3    | Noticed a Killer Klown
 54228 | Zot:3    | Noticed a curse toe
 54241 | Zot:4    | Killed a curse toe
 54430 | Zot:4    | Killed a Killer Klown
 54477 | Zot:3    | Noticed an orb of fire
 54558 | Zot:3    | Gained mutation: You occasionally lose the ability to drink
                  | potions when taking damage. [an orb of fire]
 54561 | Zot:3    | Noticed an orb of fire
 54561 | Zot:3    | Noticed Parghit
 54594 | Zot:3    | Gained mutation: Your spells are a little easier to cast,
                  | but a little less powerful. [an orb of fire]
 54604 | Zot:3    | Killed an orb of fire
 54610 | Zot:3    | Killed Parghit
 54611 | Zot:3    | Reached XP level 24. HP: 88/239 MP: 33/33
 54643 | Zot:3    | Gained mutation: You sometimes lose your temper in combat.
                  | [an orb of fire]
 54650 | Zot:3    | Gained mutation: Your magical capacity is very low. (-20%
                  | MP) [an orb of fire]
 54651 | Zot:3    | Gained mutation: Potions are less effective at restoring
                  | your health. [an orb of fire]
 54653 | Zot:3    | Lost mutation: You sometimes lose your temper in combat.
                  | [an orb of fire]
 54657 | Zot:3    | Gained mutation: You sometimes lose your temper in combat.
                  | [an orb of fire]
 54659 | Zot:3    | Gained mutation: You occasionally shout uncontrollably at
                  | your foes. [an orb of fire]
 54661 | Zot:3    | Killed an orb of fire
 54662 | Zot:3    | Lost mutation: You sometimes lose your temper in combat.
                  | [potion of mutation]
 54662 | Zot:3    | Lost mutation: You occasionally lose the ability to drink
                  | potions when taking damage. [potion of mutation]
 54662 | Zot:3    | Lost mutation: Your magical capacity is very low. (-20% MP)
                  | [potion of mutation]
 54662 | Zot:3    | Lost mutation: Your magical capacity is low. (-10% MP)
                  | [potion of mutation]
 54662 | Zot:3    | Gained mutation: Your movements are slightly less
                  | encumbered by armour. (ER -2) [potion of mutation]
 54662 | Zot:3    | Lost mutation: You are weak. (Str -2) [potion of mutation]
 54662 | Zot:3    | Lost mutation: You are clumsy. (Dex -2) [potion of
                  | mutation]
 54663 | Zot:3    | Lost mutation: Your tail ends in a venomous barb. [potion
                  | of mutation]
 54663 | Zot:3    | Lost mutation: You are dopey. (Int -2) [potion of mutation]
 54663 | Zot:3    | Lost mutation: Your spells are a little easier to cast, but
                  | a little less powerful. [potion of mutation]
 54663 | Zot:3    | Lost mutation: You have a somewhat thin skeletal structure.
                  | (Dex +2, Stealth+) [potion of mutation]
 54663 | Zot:3    | Gained mutation: Your natural rate of healing is unusually
                  | fast. [potion of mutation]
 54663 | Zot:3    | Gained mutation: You occasionally lose the ability to read
                  | scrolls when taking damage. [potion of mutation]
 54663 | Zot:3    | Gained mutation: You possess an exceptional clarity of
                  | mind. [potion of mutation]
 54897 | Zot:2    | Found a transporter.
 55040 | Zot:5    | Entered Level 5 of the Realm of Zot
 55201 | Zot:5    | Learned a level 4 spell: Animate Dead
 55207 | Zot:5    | Learned a level 5 spell: Agony
 55422 | Zot:5    | Noticed an ancient lich
 55441 | Zot:5    | Reached skill level 15 in Necromancy
 55443 | Zot:5    | Killed an ancient lich
 55486 | Zot:5    | Noticed a Killer Klown
 55507 | Zot:5    | Killed a Killer Klown
 55548 | Zot:5    | Noticed a Killer Klown
 55551 | Zot:5    | Noticed an orb of fire
 55552 | Zot:5    | Gained mutation: Your spells are a little easier to cast,
                  | but a little less powerful. [an orb of fire]
 55553 | Zot:5    | Noticed a dread lich
 55554 | Zot:5    | Noticed an orb of fire
 55558 | Zot:5    | Gained mutation: You are clumsy. (Dex -2) [an orb of fire]
 55560 | Zot:5    | Gained mutation: You occasionally lose the ability to drink
                  | potions when taking damage. [an orb of fire]
 55560 | Zot:5    | Gained mutation: You frequently scream uncontrollably at
                  | your foes. [an orb of fire]
 55562 | Zot:5    | Lost mutation: You occasionally lose the ability to drink
                  | potions when taking damage. [an orb of fire]
 55563 | Zot:5    | Gained mutation: You occasionally lose the ability to drink
                  | potions when taking damage. [an orb of fire]
 55575 | Zot:5    | Gained mutation: You sometimes lose the ability to read
                  | scrolls when taking damage. [an orb of fire]
 55580 | Zot:5    | Gained mutation: You are dopey. (Int -2) [an orb of fire]
 55583 | Zot:5    | Killed an orb of fire
 55593 | Zot:5    | Killed an orb of fire
 55602 | Zot:5    | Killed a dread lich
 55606 | Zot:5    | Killed a Killer Klown
 55678 | Zot:5    | Noticed a Killer Klown
 55686 | Zot:5    | Killed a Killer Klown
 55916 | Zot:5    | Noticed a Killer Klown
 55925 | Zot:5    | Killed a Killer Klown
 55927 | Zot:5    | Noticed an ancient lich
 55935 | Zot:5    | Killed an ancient lich
 55945 | Zot:5    | Noticed a Killer Klown
 55951 | Zot:5    | Noticed a Killer Klown
 55959 | Zot:5    | Noticed an orb of fire
 55961 | Zot:5    | Noticed an ancient lich
 55964 | Zot:5    | Noticed a Killer Klown
 55972 | Zot:5    | Noticed a Killer Klown
 55975 | Zot:5    | Lost mutation: Your natural rate of healing is unusually
                  | fast. [an orb of fire]
 55978 | Zot:5    | Gained mutation: Your muscles are strong. (Str +4, Int/Dex
                  | -1) [an orb of fire]
 55979 | Zot:5    | Killed an orb of fire
 56304 | Zot:4    | Lost mutation: You are dopey. (Int -2) [potion of mutation]
 56304 | Zot:4    | Lost mutation: Your movements are slightly less encumbered
                  | by armour. (ER -2) [potion of mutation]
 56304 | Zot:4    | Lost mutation: Your spells are a little easier to cast, but
                  | a little less powerful. [potion of mutation]
 56304 | Zot:4    | Lost mutation: Potions are less effective at restoring your
                  | health. [potion of mutation]
 56304 | Zot:4    | Gained mutation: Your magical capacity is low. (-10% MP)
                  | [potion of mutation]
 56304 | Zot:4    | Lost mutation: Your magical capacity is low. (-10% MP)
                  | [potion of mutation]
 56304 | Zot:4    | Gained mutation: You are covered in fur. (AC +1) [potion of
                  | mutation]
 56304 | Zot:4    | Lost mutation: You possess an exceptional clarity of mind.
                  | [potion of mutation]
 56304 | Zot:4    | Gained mutation: Your spells are a little harder to cast,
                  | but a little more powerful. [potion of mutation]
 56305 | Zot:4    | Lost mutation: You frequently scream uncontrollably at your
                  | foes. [potion of mutation]
 56305 | Zot:4    | Lost mutation: You sometimes lose the ability to read
                  | scrolls when taking damage. [potion of mutation]
 56305 | Zot:4    | Lost mutation: You occasionally lose the ability to drink
                  | potions when taking damage. [potion of mutation]
 56305 | Zot:4    | Lost mutation: You are clumsy. (Dex -2) [potion of
                  | mutation]
 56305 | Zot:4    | Lost mutation: You occasionally shout uncontrollably at
                  | your foes. [potion of mutation]
 56305 | Zot:4    | Lost mutation: You are covered in fur. (AC +1) [potion of
                  | mutation]
 56305 | Zot:4    | Gained mutation: You are frail. (-10% HP) [potion of
                  | mutation]
 56305 | Zot:4    | Lost mutation: Your muscles are strong. (Str +4, Int/Dex
                  | -1) [potion of mutation]
 56305 | Zot:4    | Gained mutation: You are agile. (Dex +4, Str/Int -1)
                  | [potion of mutation]
 56305 | Zot:4    | Gained mutation: Your system is resistant to poisons.
                  | (rPois) [potion of mutation]
 56342 | Zot:4    | Killed an ancient lich
 56487 | Zot:4    | Reached XP level 25. HP: 186/224 MP: 37/37
 56562 | Zot:5    | Killed a Killer Klown
 56567 | Zot:5    | Killed a Killer Klown
 56788 | Zot:5    | Killed a Killer Klown
 56800 | Zot:5    | Identified the +3 rapier "Beastslayer" {elec, rElec rPois
                  | rN+ Int-2}
 57273 | Zot:5    | Noticed an ancient lich
 57283 | Zot:5    | Killed an ancient lich
 57508 | Zot:5    | Got the Orb of Zot
 58165 | D:5      | Gained mutation: You sometimes lose the ability to read
                  | scrolls when taking damage. [a neqoxec]
 58246 | D:1      | Lost mutation: Your system is resistant to poisons. (rPois)
                  | [potion of mutation]
 58246 | D:1      | Lost mutation: You are partially covered in iridescent
                  | scales. (AC +2) [potion of mutation]
 58246 | D:1      | Lost mutation: Your spells are a little harder to cast, but
                  | a little more powerful. [potion of mutation]
 58246 | D:1      | Lost mutation: You are agile. (Dex +4, Str/Int -1) [potion
                  | of mutation]
 58246 | D:1      | Gained mutation: You have supernaturally acute eyesight.
                  | (SInv) [potion of mutation]
 58246 | D:1      | Gained mutation: You have large cloven feet. [potion of
                  | mutation]
 58246 | D:1      | Gained mutation: You have a beak for a mouth. [potion of
                  | mutation]
 58246 | D:1      | Gained mutation: You are partially covered in iridescent
                  | scales. (AC +2) [potion of mutation]
 58246 | D:1      | Lost mutation: You have large cloven feet. [potion of
                  | mutation]
 58246 | D:1      | Gained mutation: Your system is resistant to poisons.
                  | (rPois) [potion of mutation]
 58247 | D:1      | Lost mutation: You sometimes lose the ability to read
                  | scrolls when taking damage. [potion of mutation]
 58247 | D:1      | Lost mutation: You are partially covered in iridescent
                  | scales. (AC +2) [potion of mutation]
 58247 | D:1      | Lost mutation: You occasionally lose the ability to read
                  | scrolls when taking damage. [potion of mutation]
 58247 | D:1      | Lost mutation: You have supernaturally acute eyesight.
                  | (SInv) [potion of mutation]
 58247 | D:1      | Gained mutation: Your flesh is cold resistant. (rC+)
                  | [potion of mutation]
 58247 | D:1      | Gained mutation: Your spells are a little harder to cast,
                  | but a little more powerful. [potion of mutation]
 58247 | D:1      | Gained mutation: Your tail ends in a venomous barb. [potion
                  | of mutation]
 58249 | D:$      | Escaped with the Orb!

Illustrated notes

Levels and vault maps discovered:
D:1:      psy_arrival_whirlpool, layout_rooms, corexii_hall_statues_x
D:2:      layout_basic, uniq_terence
D:3:      minmay_octagon_keep, layout_loops_ring, serial_shops, shop,
          st_stairs_8
D:4:      layout_loops_ring, kennysheep_mini_moat, led_xom_imps,
          minmay_temple_entry_steel_oval
D:5:      minmay_angry_zag, layout_gridville
D:6:      lemuel_insect_pit, layout_basic, kennysheep_boxes, uniq_edmund
D:7:      layout_loops_ring, serial_shops, shop, minmay_holes,
          serial_bayou_ford_a
D:8:      layout_gridville, lair_entry_dummy, uniq_amaemon
D:9:      layout_gridville, kennysheep_mini,
          mainiacjoe_overflow_six_doors_small, uniq_maggie
D:10:     layout_gridville, minitemple, orc_david_3
D:11:     layout_roguey, uniq_josephine
D:12:     gammafunk_wand_slinger, layout_cave_pools, uniq_psyche, uniq_rupert,
          uniq_frances
D:13:     layout_layer_cave, gammafunk_ghost_fury_of_okawaru
D:14:     layout_irregular_city, david_vaults_4,
          portal_ice_cave_entry_pillars_2, gauntlet_entry_generic
D:15:     hangedman_depths_entry_try_elsewhere_first, layout_cross,
          minmay_misc_feat_doors, minmay_statue_crystal_thing
Temple:   chequers_temple_sunken
Lair:1:   layout_concentric_octagons
Lair:2:   layout_long_grid, serial_bayou_shore_b
Lair:3:   layout_layer_cave, minmay_swamp_entry_worms,
          minmay_snake_entry_six_corridors
Lair:4:   layout_hall_layers, slime_entry_1, infiniplex_staircase_pool_2
Lair:5:   evilmike_catoblepas_cave, layout_layer_cave
Swamp:1:  layout_falls_marsh, hangedman_swamp_ruin_wall, swamp_pool2
Swamp:2:  layout_basic_swamp, evilmike_swamp_ruin_house_6
Swamp:3:  layout_basic_swamp, nicolae_swamp_orc_logging_accident
Swamp:4:  grunt_swamp_rune_castle, layout_basic_swamp, uniq_nikola
Snake:1:  layout_layer_cave, gammafunk_ghost_abyssal_escape, uniq_louise
Snake:2:  layout_basic, serial_shops, nicolae_shop_advertising_works
          [nicolae_subvault_shop_adworks]
Snake:3:  layout_onion_interference, serial_shops, nicolae_shop_stone,
          uniq_donald, uniq_aizul
Snake:4:  johnstein_snake_rune_scales, layout_grid_shapes,
          minmay_shop_grid_forest, drop_trap, serial_bayou_shore_b,
          uniq_mlioglotl, uniq_bai_suzhen, uniq_vashnia
Slime:1:  layout_caves
Slime:2:  layout_caves, nicolae_slime_barrier
Slime:3:  layout_caves, basic_altar, uniq_dissolution
Slime:4:  layout_caves
Slime:5:  slime_pit_nicolae_trefoil
Orc:1:    minmay_goldmine, layout_caves, serial_shops, shop
Orc:2:    st_orc_elflike, layout_diamond_mine, gammafunk_ghost_split, uniq_sonja
Vaults:1: nicolae_vaults_doubleplus_tesselated, vaults_room_ringed_pool,
          nicolae_vaults_octothorpe, nicolae_vaults_tetromino_Z_2,
          nicolae_vaults_closet_pinwheel_2, nicolae_vaults_house_3,
          layout_vaults_chaotic_city
Vaults:2: st_eye, nicolae_vaults_trapezoid_1, nicolae_vaults_wrenched,
          nicolae_vaults_closet_pinwheel_6, minmay_crypt_entry_simple_box,
          ontoclasm_vaults_idyll, nicolae_vaults_cochlea,
          nicolae_vaults_more_shelving_2, layout_vaults_omnigrid, serial_glass
Vaults:3: v_alt_pattern_3, grunt_vaults_funnel,
          nicolae_vaults_network_quinsquares
          [nicolae_vaults_network_quincunx_subvault,
          nicolae_vaults_network_quincunx_subvault,
          nicolae_vaults_network_quincunx_subvault,
          nicolae_vaults_network_quincunx_subvault],
          nicolae_vaults_storage_room_water, nicolae_vaults_what_the_h,
          nicolae_vaults_security_offices_2, vaults_room_corners,
          vaults_room_door_ring, nicolae_vaults_tetromino_Z_1,
          nicolae_vaults_six-pack, nicolae_vaults_little_squares_3, v_rooms_2,
          layout_vaults_big_cross, serial_shops, shop, shop,
          nicolae_shop_window_shopping, nicolae_shop_just_a_little_nook
Vaults:4: gammafunk_ghost_tricky_traps, nicolae_vaults_shock_wave,
          nicolae_vaults_network_periphery, v_rooms_6, ontoclasm_vaults_eye,
          ontoclasm_vaults_misaligned, vaults_mumra_lcd, vaults_room_pool,
          hangedman_vaults_capsules, nicolae_vaults_twisting_passages,
          nicolae_vaults_network_quincunx
          [nicolae_vaults_network_quincunx_subvault,
          nicolae_vaults_network_quincunx_subvault,
          nicolae_vaults_network_quincunx_subvault,
          nicolae_vaults_network_quincunx_subvault,
          nicolae_vaults_network_quincunx_subvault], layout_vaults_maze_bifur,
          uniq_mennas
Vaults:5: serial_shops
Depths:1: layout_cave_pools, pan_entry, lemuel_blue_sif_altar,
          lightli_enter_wizlab_magi_temple, grunt_mini_vestibule,
          hangedman_blasphemy
Depths:2: minmay_the_grid_square_5x5_5x5_mashed
          [minmay_the_grid_square_5x5_fancy_junction,
          minmay_the_grid_square_5x5_one_wall, minmay_the_grid_square_5x5_bite,
          minmay_the_grid_square_5x5_corner, minmay_the_grid_square_5x5_plus,
          minmay_the_grid_square_5x5_tri_point,
          minmay_the_grid_square_5x5_prize_gold,
          minmay_the_grid_square_5x5_checkered_statues,
          minmay_the_grid_square_5x5_prize_monsterx,
          minmay_the_grid_square_5x5_fat_x,
          minmay_the_grid_square_5x5_three_walls,
          minmay_the_grid_square_5x5_n_small,
          minmay_the_grid_square_5x5_prize_junk,
          minmay_the_grid_square_5x5_minibox,
          minmay_the_grid_square_5x5_almost_minimal,
          minmay_the_grid_square_5x5_shrine1,
          minmay_the_grid_square_5x5_prize_open,
          minmay_the_grid_square_5x5_hourglass,
          minmay_the_grid_square_5x5_prize_itemx,
          minmay_the_grid_square_5x5_three_small,
          minmay_the_grid_square_5x5_gyroscope,
          minmay_the_grid_square_5x5_spiral, minmay_the_grid_square_5x5_tie,
          minmay_the_grid_square_5x5_dogpile, minmay_the_grid_square_5x5_lines],
          layout_basic, enter_ziggurat_d, pan_entry, serial_corexii_hall,
          corexii_hall_statues_deadend, chequers_hall_statues_corner_a,
          hell_entry, kennysheep_generic_room_9
Depths:3: four-leaf_vault, layout_gridville, fedhas_altar_1, hell_entry,
          rand_demon_pan_entry_4, abyss_entry_crystal
Depths:4: grunt_zot_entry_funnels, layout_long_grid, minmay_door_square,
          nicolae_abyss_entry_one_way_or_another, grunt_hell_entry_dis_old,
          uniq_frederick, uniq_xtahua
Zot:1:    kennysheep_room_grid, layout_cathedral_of_symmetry, grunt_ministairs_8
Zot:2:    gammafunk_sealed_arena, layout_onion_interference,
          st_single_dragon_hoard_3, lemuel_elevator
Zot:3:    layout_misc_corridors, grunt_megastairs_4, uniq_parghit
Zot:4:    layout_gridlike, skrybe_zot_glass_3, uniq_grunn
Zot:5:    layout_misc_corridors, st_stairs_12

Skill      XL: |  1  2  3  4  5  6  7  8  9 10 11 12 13 14 15 16 17 18 19 20 21 22 23 24 |
---------------+-------------------------------------------------------------------------+-----
Maces & Flails | 2 3 4 5 6 7 12 13 14 15 16 17 18 | 18.5
Fighting       | 4 5 7 14 15 16 17 18 19 20 | 20.0
Invocations    | 3 6 8 10 12 14 15 17 18 19 21 | 21.1
Shields        | 5 7 10 11 12 13 14 15 | 15.0
Armour         | 5 7 9 10 11 12 15 17 18 | 18.6
Dodging        | 3 10 12 | 12.1
Evocations     | 5 8 |  8.0
Necromancy     | 4 12 17 | 17.9

Action                     |  1- 3 |  4- 6 |  7- 9 | 10-12 | 13-15 | 16-18 | 19-21 | 22-24 | 25-27 || total
---------------------------+-------+-------+-------+-------+-------+-------+-------+-------+-------++-------
  Melee: Flail             |    93 |   172 |    85 |   765 |   708 |       |       |       |       ||  1823
         Tailslap          |    11 |    19 |    13 |   120 |   179 |   320 |   360 |   314 |    14 ||  1350
         Morningstar       |       |       |       |       |   245 |  1097 |       |       |       ||  1342
         Eveningstar       |       |       |       |       |       |   245 |  1360 |  1153 |    70 ||  2828
         Broad axe         |       |       |       |       |       |       |    56 |       |       ||    56
   Cast: Vampiric Draining |       |       |       |       |       |       |       |     5 |       ||     5
 Invoke: Upheaval          |       |       |       |     6 |    13 |    27 |    22 |    16 |     2 ||    86
         Disaster Area     |       |       |       |       |     1 |       |       |     5 |       ||     6
  Evoke: Wand              |       |       |       |     9 |     1 |     5 |     4 |     2 |     1 ||    22
         Lightning rod     |       |       |       |       |       |       |     4 |       |       ||     4
         Box of beasts     |       |       |       |       |       |       |       |     1 |       ||     1
    Use: Scroll            |       |       |     4 |    17 |    11 |    12 |    14 |     7 |       ||    65
         Potion            |       |       |     1 |     1 |     5 |     5 |    11 |    34 |     2 ||    59
   Stab: Invisible         |       |       |       |       |       |     6 |       |       |       ||     6
         Distracted        |       |       |       |       |       |       |       |     2 |       ||     2
 Armour: Scale mail        |    47 |   120 |    62 |    38 |       |       |       |       |       ||   267
         Ring mail         |       |       |       |   233 |   173 |       |       |       |       ||   406
         Plate armour      |       |       |       |       |   128 |  1031 |   708 |       |       ||  1867
         Gold dragon scale |       |       |       |       |       |       |   114 |   843 |   126 ||  1083
  Dodge: Dodged            |    27 |    84 |    23 |   149 |   131 |   219 |   216 |   171 |    27 ||  1047
         Repelled          |       |       |       |     3 |     9 |    20 |     8 |    10 |     2 ||    52
  Block: Buckler           |    14 |    51 |    19 |    88 |       |       |       |       |       ||   172
         Kite shield       |       |       |       |   326 |   785 |  1435 |  1272 |  1165 |   155 ||  5138

Table legend: (Time is in decaauts)
 A = Elapsed time spent in this place.
 B = Non-inter-level travel time spent in this place.
 C = Inter-level travel time spent in this place.
 D = Time resting spent in this place.
 E = Time spent auto-exploring this place.
 F = Levels seen in this place.
 G = Mean time per level.
                   A        B        C        D        E       F      G
               +--------+--------+--------+--------+--------+-----+--------+
         Total |  57086 |  53806 |   3280 |  14915 |  26782 |  53 | 1077.1 |
       Dungeon |  14197 |  12885 |   1312 |   1171 |   9224 |  15 |  946.5 |
        Temple |     50 |     27 |     23 |      0 |      0 |   1 |   50.0 |
          Lair |   6908 |   5975 |    933 |   1030 |   4086 |   5 | 1381.6 |
         Swamp |   4460 |   4322 |    138 |   1395 |   1967 |   4 | 1115.0 |
     Snake Pit |   7447 |   7289 |    158 |   3052 |   2788 |   4 | 1861.8 |
    Slime Pits |   1668 |   1614 |     54 |    872 |      0 |   5 |  333.6 |
  Orcish Mines |   2557 |   2493 |     64 |    393 |   1529 |   2 | 1278.5 |
        Vaults |   8769 |   8461 |    308 |   2817 |   4002 |   5 | 1753.8 |
        Depths |   5251 |   5025 |    226 |   1448 |   2493 |   4 | 1312.8 |
           Zot |   4080 |   4018 |     62 |   2310 |    140 |   5 |  816.0 |
      Ice Cave |    664 |    664 |      0 |    290 |    148 |   1 |  664.0 |
        Wizlab |    689 |    689 |      0 |    135 |    289 |   1 |  689.0 |
      Gauntlet |    339 |    339 |      0 |      0 |    116 |   1 |  339.0 |
               +--------+--------+--------+--------+--------+-----+--------+

Top non-repeatable levels by time:
Vaults:4: 2749 daAuts
Vaults:2: 2616 daAuts
 Snake:3: 2407 daAuts
  Lair:3: 2164 daAuts
Vaults:3: 2126 daAuts
 Snake:1: 2085 daAuts
 Snake:2: 1882 daAuts
   Orc:2: 1839 daAuts
Depths:3: 1743 daAuts
  Lair:5: 1659 daAuts
   Zot:5: 1643 daAuts
Depths:1: 1538 daAuts
  Lair:4: 1529 daAuts
 Swamp:3: 1420 daAuts
   Zot:4: 1393 daAuts
